 Dungeon Crawl Stone Soup version 0.29-a0-243-g602b31c20e (webtiles) character file.

Game seed: 6259133218656207211

0 spaghetti the Skirmisher (level 1, 0/18 HPs)
             Began as a Demigod Fighter on Mar 4, 2022.
             Slain by a kobold
             ... wielding a +0 short sword
              (2 damage)
             ... on level 1 of the Dungeon.
             The game lasted 00:00:14 (105 turns).

spaghetti the Skirmisher (Demigod Fighter)           Turns: 105, Time: 00:00:15

Health: 0/18       AC:  6    Str: 17    XL:     1   Next: 6%
Magic:  3/3        EV:  8    Int: 10    God:
Gold:   17         SH:  4    Dex: 13    Spells: 0/0 levels left

rFire   . . .      SeeInvis .     - Unarmed
rCold   . . .      Faith    .   b - +0 buckler
rNeg    . . .      Spirit   .   a - +0 scale mail
rPois   .          Reflect  .   (no helmet)
rElec   .          Harm     .   (no cloak)
rCorr   .          Rampage  .   (no gloves)
Will    .....                   (no boots)
Stlth   ..........              (no amulet)
HPRegen 0.06/turn               (no ring)
MPRegen 0.08/turn               (no ring)

@: mighty
A: high MP 1, forlorn, divine attributes
a: no special abilities


You were on level 1 of the Dungeon.
You visited 1 branch of the dungeon, and saw 1 of its levels.

You collected 17 gold pieces.


Innate Abilities, Weirdness & Mutations

You have an increased reservoir of magic. (+10% MP)
You shall have no god before yourself.
Your divine heritage dramatically boosts your attributes as you level up.


   Skills:
 + Level 2.7 Fighting
 - Level 2.6 Armour
 - Level 2.6 Shields
 - Level 1.7 Unarmed Combat


You couldn't memorise any spells.
You didn't know any spells.
Your spell library was empty.

Inventory:

Missiles
 d - 6 poisoned darts (quivered) {throwing}
Armour
 a - a +0 scale mail (worn)
 b - a +0 buckler (worn)
Scrolls
 e - a scroll of teleportation {unknown}
 f - a scroll of vulnerability {unknown}
 g - a scroll of torment {unknown}

Dungeon Overview and Level Annotations

Branches:
Dungeon (1/15)

######........# #...#
#.......### #...#
#.........! #...#
#.......##### #...#
#..###.......
#...###...##.....# ##
#.......#.##...#. .
####'####..lK...#
##.#...........#@!##
.#.#...........#.......#
.#.............#.....#.#
.#.#........##.#..####
.#.#...............
.#.#.######.###.#.##
.#.#.# .# J .. .'.#.# .#
.# .# .#.#.# #


You could see an endoplasm, a kobold and a frilled lizard.


Message History

You hit the rat but do no damage. The rat misses you.
You barely miss the rat. The rat barely misses you.
The rat bites you but does no damage.
You hit the rat but do no damage. The rat bites you but does no damage.
You hit the rat.
You kill the rat!
No target in view!
No target in view!
No target in view!
No target in view!
No target in view!
No target in view!
No target in view!
No target in view!
No target in view!
g - a scroll labelled CAHARUATUU You open the door.
There is an open door here.
A hobgoblin comes into view.
The hobgoblin shouts!
You hear an angry hiss.
A kobold comes into view. It is wielding a +0 short sword.
There are monsters nearby!
The kobold shouts!
A frilled lizard comes into view.
The frilled lizard hisses angrily.
The hobgoblin hits you but does no damage.
You closely miss the kobold. The hobgoblin closely misses you.
You block the kobold's attack.
You hit the kobold but do no damage. The hobgoblin closely misses you.
The kobold hits you with a +0 short sword. 😕 HP[-4]
You take 4 damage, and now have 14/18 hp.
MASSIVE DAMAGE!! (PAUSE)
You closely miss the kobold.
The hobgoblin hits you but does no damage.
You block the kobold's attack.
You miss the frilled lizard. The hobgoblin barely misses you.
The frilled lizard bites you but does no damage.
You block the kobold's attack.
You completely miss the frilled lizard. You block the hobgoblin's attack.
The frilled lizard barely misses you.
The kobold hits you with a +0 short sword. 😮 HP[-1]
You take 1 damage, and now have 13/18 hp.
You are too injured to fight recklessly!
You are too injured to fight recklessly!
You are too injured to fight recklessly!
You are too injured to fight recklessly!
You are too injured to fight recklessly!
You are too injured to fight recklessly!
You are too injured to fight recklessly!
You are too injured to fight recklessly!
You are too injured to fight recklessly!
You are too injured to fight recklessly!
You are too injured to fight recklessly!
You are too injured to fight recklessly!
You are too injured to fight recklessly!
You are too injured to fight recklessly!
You are too injured to fight recklessly!
You are too injured to fight recklessly!
Unknown command.
You hit the hobgoblin. The hobgoblin closely misses you.
You barely miss the hobgoblin.
The frilled lizard bites you but does no damage.
The hobgoblin hits you but does no damage.
You hit the hobgoblin. The frilled lizard barely misses you.
The hobgoblin completely misses you.
You barely miss the hobgoblin. The frilled lizard bites you.
The hobgoblin closely misses you. 😮 HP[-2]
You take 2 damage, and now have 11/18 hp.
You barely miss the hobgoblin. The frilled lizard barely misses you.
You block the hobgoblin's attack.
You hit the hobgoblin but do no damage.
The frilled lizard bites you but does no damage.
The hobgoblin misses you.
You hit the hobgoblin. The frilled lizard barely misses you.
The hobgoblin barely misses you.
You completely miss the hobgoblin. You block the kobold's attack.
The frilled lizard bites you but does no damage.
The hobgoblin hits you.
* * * LOW HITPOINT WARNING * * *
😨 HP[-3]
You take 3 damage, and now have 8/18 hp.
You hit the hobgoblin.
The kobold hits you with a +0 short sword.
* * * LOW HITPOINT WARNING * * *
The frilled lizard bites you.
* * * LOW HITPOINT WARNING * * *
You block the hobgoblin's attack. 😱 HP[-6]
You take 6 damage, and now have 2/18 hp.
MASSIVE DAMAGE!! (PAUSE)
You feel very mighty all of a sudden. You block the kobold's attack.
An endoplasm comes into view.
The endoplasm quivers.
You barely miss the kobold.
The kobold hits you with a +0 short sword.
You die...

Action                   || total
-------------------------++-------
Melee: Unarmed           ||    21
  Use: Potion            ||     1
Armor: Scale mail        ||    10
Dodge: Dodged            ||    15
Block: Buckler           ||     8

Levels and vault maps discovered:
D:1:      matt_arrival_refuge, layout_basic, hellmonk_ecumenical_altar_zigzags

Notes
Turn   | Place    | Note
-------+----------+-------------------------------------------
     0 | D:1      | spaghetti the Demigod Fighter began the quest for the Orb.
     0 | D:1      | Reached XP level 1. HP: 18/18 MP: 3/3
     0 | D:1      | magus.rc [v1.9.6]
   100 | D:1      | HP: 3/18 [kobold/+0 short sword (5)]
   105 | D:1      | Slain by a kobold

Vanquished Creatures
  A rat (D:1)
1 creature vanquished.

Table legend:
 A = Non-vault XP
 B = Vault XP
 C = Vault XP percentage of total XP
 D = Non-vault monster count
 E = Vault monster count
 F = Vault count percentage of total count
                 A         B        C        D         E       F
            +---------+---------+-------+---------+---------+-------
      Total |       1 |       0 |   0.0 |       1 |       0 |   0.0
            +---------+---------+-------+---------+---------+-------
        D:1 |       1 |       0 |   0.0 |       1 |       0 |   0.0
            +---------+---------+-------+---------+---------+-------

Illustrated notes

Table legend:
 A = Kills in this place as a percentage of kills in entire the game.
 B = Kills by you in this place as a percentage of kills by you in the entire game.
 C = Kills by friends in this place as a percentage of kills by friends in the entire game.
 D = Other kills in this place as a percentage of other kills in the entire game.
 E = Experience gained in this place as a percentage of experience gained in the entire game.
 F = Experience gained in this place divided by the number of levels of this place that you have seen.
                   A       B       C       D       E      F
               +-------+-------+-------+-------+-------+----------------------
         Total | 100.0 | 100.0 |   N/A |   N/A | 100.0 |   1.0
       Dungeon | 100.0 | 100.0 |   N/A |   N/A | 100.0 |   1.0
               +-------+-------+-------+-------+-------+----------------------

Table legend: (Time is in decaauts)
 A = Elapsed time spent in this place.
 B = Non-inter-level travel time spent in this place.
 C = Inter-level travel time spent in this place.
 D = Time resting spent in this place.
 E = Time spent auto-exploring this place.
 F = Levels seen in this place.
 G = Mean time per level.
                   A        B        C        D        E       F      G
               +--------+--------+--------+--------+--------+-----+--------+
         Total |    105 |    105 |      0 |      0 |     66 |   1 |  105.0 |
       Dungeon |    105 |    105 |      0 |      0 |     66 |   1 |  105.0 |
               +--------+--------+--------+--------+--------+-----+--------+

Top non-repeatable levels by time:
     D:1: 105 daAuts
